 Dungeon Crawl Stone Soup version 0.29.1-1-gd02db6906a (webtiles) character file.

Game seed: 15443337183641118383

675 Demigod47 the Cudgeller (level 7, -4/60 HPs)
             Began as a Minotaur Fighter on Oct 17, 2022.
             Was a Follower of Okawaru.
             Succumbed to an orange demon's poison
             ... on level 4 of the Dungeon.
             The game lasted 00:05:47 (3637 turns).

Demigod47 the Cudgeller (Minotaur Fighter)          Turns: 3637, Time: 00:05:47

Health: -4/60      AC: 13    Str: 29    XL:     7   Next: 33%
Magic:  6/6        EV:  7    Int:  5    God:    Okawaru [*.....]
Gold:   238        SH:  4    Dex:  9    Spells: 6/6 levels left

rFire   . . .      SeeInvis .   a - +0 flail
rCold   . . .      Faith    .   c - +0 buckler
rNeg    . . .      Spirit   .   y - +0 plate armour
rPois   .          Reflect  .   (helmet restricted)
rElec   .          Harm     .   (no cloak)
rCorr   .          Rampage  .   (no gloves)
Will    .....                   o - +0 pair of boots
Stlth   ..........              (no amulet)
HPRegen 0.20/turn               k - +6 ring of strength
MPRegen 0.10/turn               (no ring)

@: lethally poisoned (-4 -> -26), weakened
A: horns 2, retaliatory headbutt
a: Renounce Religion, Heroism


You were on level 4 of the Dungeon.
You worshipped Okawaru.
Okawaru was aware of your devotion.
You visited 1 branch of the dungeon, and saw 5 of its levels.

You collected 238 gold pieces.

Inventory:

Hand Weapons
 a - a +0 flail (weapon)
 w - a +6 vorpal spear
Missiles
 l - 4 javelins (quivered)
 x - a throwing net
Armour
 b - a +0 scale mail
 c - a +0 buckler (worn)
 m - a +0 chain mail
 o - a +0 pair of boots (worn)
 y - a +0 plate armour (worn)
Jewellery
 k - a +6 ring of strength (left hand)
Wands
 n - a wand of light (8)
Scrolls
 f - 4 scrolls of poison {unknown}
 g - 5 scrolls of identify {unknown}
 h - 2 scrolls of fear {unknown}
 i - 3 scrolls of blinking {unknown}
 j - 2 scrolls of fog {unknown}
 p - a scroll of silence {unknown}
 q - 2 scrolls of magic mapping {unknown}
 s - a scroll of noise {unknown}
 u - a scroll of teleportation {unknown}
 v - a scroll of amnesia {unknown}
 C - a scroll of enchant armour {unknown}
Potions
 d - 2 potions of might
 e - a potion of brilliance
 r - 2 potions of mutation {unknown}
 t - 4 potions of flight {unknown}
 z - a potion of curing {unknown}
 A - a potion of magic {unknown}
 B - a potion of attraction {unknown}
 D - a potion of resistance {unknown}


   Skills:
 + Level 4.7 Fighting
 * Level 7.3 Maces & Flails
 + Level 5.4 Armour
 + Level 1.1 Dodging
 + Level 0.2 Stealth
 + Level 5.2 Shields


You had 6 spell levels left.
You didn't know any spells.
Your spell library contained the following spells:

 Spells                   Type           Power      Damage    Failure   Level
 Slow                     Hex            0%         N/A       100%        1
 Confusing Touch          Hex            0%         N/A       100%        3
 Vampiric Draining        Necr           0%         2d6       100%        3


Dungeon Overview and Level Annotations

Branches:
Dungeon (5/15)
 Temple: D:4-7

Altars:
Hepliaklqana
Makhleb
Okawaru
Vehumet
Wu Jian


Innate Abilities, Weirdness & Mutations

You have a pair of horns on your head.
You reflexively headbutt those who attack you in melee.


Message History

The divine experience drains your vigour!
You feel yourself slow down.
An orange demon comes into view.
There is a stone staircase leading up here.
An orange demon is nearby!
The orange demon stings you from afar.
You are poisoned.
The orange demon poisons you!
You feel extremely sick. The orange demon stings you from afar!
You block the orange demon's attack.
You feel very sick. The orange demon closely misses you.
You furiously retaliate!
You headbutt the orange demon.
The orange demon hits you but does no damage.
You hit the orange demon but do no damage.
The orange demon is lightly wounded.
You feel very sick. The orange demon stings you. The orange demon hits you.
The orange demon stings you but does no damage.
You block the orange demon's attack.
You thump the orange demon!
The orange demon is moderately wounded.
You feel yourself speed up.
You feel very sick.
The orange demon stings you but does no damage.
The orange demon hits you.
* * * LOW HITPOINT WARNING * * *
You feel your attacks grow feeble.
Okay, then.
You feel sick. The orange demon stings you from afar.
* * * LOW HITPOINT WARNING * * *
You feel sick.
You feel sick. The orange demon barely misses you.
There is a stone staircase leading up here.
You feel sick. The orange demon stings you from afar.
* * * LOW HITPOINT WARNING * * *
You are lethally poisoned!
The orange demon poisons you!
You climb upwards.
You die...

# ######### # #..[....# ########
# #...<...# #......# # #.......#
#......# ####.......# #......#
#.....#....####......#
'.......[.......@....############
#..........#####.................
#..........# #.##.#############
#..[.......# #.#.............#.
####.......#####.#######..##...#.
#.............#........##...#.
####..........#.####........#.
####.......#.#..#.##.....#. ###
#.......#.#.....#.#.....


There were no monsters in sight!

Vanquished Creatures
  2 ice beasts (D:5)
  3 scorpions (D:5)
  A hound (D:4)
  An iguana (D:4)
  Ijyb (D:3)
  Natasha (D:4)
  Terence (D:3)
  Robin (D:3)
  3 gnolls (D:2)
  4 adders
  A shadow imp (D:4)
  2 dart slugs
  5 orcs (D:4)
  6 bats
  5 endoplasms
  5 giant cockroaches
  9 hobgoblins
  5 jackals
  3 quokkas
  5 ball pythons
  3 frilled lizards
  21 goblins
  9 kobolds
  7 rats
104 creatures vanquished.

Notes
Turn   | Place    | Note
-------+----------+-------------------------------------------
     0 | D:1      | Demigod47 the Minotaur Fighter began the quest for the Orb.
     0 | D:1      | Reached XP level 1. HP: 19/19 MP: 0/0
   355 | D:1      | Reached XP level 2. HP: 24/27 MP: 1/1
   484 | D:1      | Reached skill level 3 in Maces & Flails
   666 | D:1      | Found a faded altar of an unknown god.
   814 | D:1      | Prayed at the altar of an unknown god.
   814 | D:1      | Became a worshipper of Makhleb the Destroyer
   814 | D:1      | Reached * piety under Makhleb
  1011 | D:2      | Reached XP level 3. HP: 33/33 MP: 2/2
  1492 | D:3      | Noticed Ijyb
  1503 | D:3      | Reached XP level 4. HP: 32/40 MP: 3/3
  1506 | D:3      | Killed Ijyb
  1511 | D:3      | Reached skill level 4 in Maces & Flails
  1516 | D:3      | Noticed Robin
  1521 | D:3      | Reached ** piety under Makhleb
  1536 | D:3      | Killed Robin
  1774 | D:3      | Reached XP level 5. HP: 41/46 MP: 4/4
  1939 | D:3      | Found an ornate altar of the Wu Jian Council.
  1975 | D:3      | You fall into a shaft and drop 1 floor!
  2125 | D:3      | Noticed Terence
  2134 | D:3      | Killed Terence
  2421 | D:3      | Reached skill level 5 in Maces & Flails
  2690 | D:4      | Noticed Natasha
  2705 | D:4      | Killed Natasha
  2705 | D:4      | Reached *** piety under Makhleb
  2711 | D:4      | Reached XP level 6. HP: 41/52 MP: 5/5
  3010 | D:4      | Reached skill level 5 in Shields
  3151 | D:5      | Entered Level 5 of the Dungeon
  3168 | D:5      | Reached skill level 6 in Maces & Flails
  3168 | D:5      | Reached skill level 5 in Armour
  3175 | D:5      | Found an iron altar of Okawaru.
  3200 | D:5      | Fell from the grace of Makhleb
  3200 | D:5      | Became a worshipper of Warmaster Okawaru
  3209 | D:5      | Noticed an ice beast
  3219 | D:5      | Reached skill level 1 in Dodging
  3222 | D:5      | Killed an ice beast
  3223 | D:5      | Reached XP level 7. HP: 60/60 MP: 6/6
  3231 | D:5      | Reached * piety under Okawaru
  3232 | D:5      | Reached skill level 7 in Maces & Flails
  3322 | D:5      | Found a hazy altar of Hepliaklqana.
  3460 | D:5      | Found a radiant altar of Vehumet.
  3627 | D:5      | Noticed an orange demon
  3636 | D:5      | HP: 3/60 [orange demon[the fury of Makhleb] (5)]
  3637 | D:4      | Succumbed to an orange demon's poison

Illustrated notes

Levels and vault maps discovered:
D:1:      wheals_arrival_linesprint, layout_basic,
          shapermc_ecumenical_altar_mp_urbaneastern
D:2:      layout_rooms
D:3:      layout_loops_cross, nicolae_wu_jian_immortal_techniques, uniq_ijyb,
          uniq_terence, uniq_robin
D:4:      corexii_shack_village, layout_basic, uniq_natasha
D:5:      layout_basic, mainiacjoe_overflow_catwalk, doesnt_xom_only_xom,
          overflow_temple_1_default, vehumet_crystals

Skill      XL: |  1  2  3  4  5  6  7 |
---------------+----------------------+-----
Shields        | 4 5 |  5.2
Fighting       | 4 |  4.7
Maces & Flails | 3 4 5 6 7 |  7.3
Armour         | 4 5 |  5.4
Dodging        | 1 |  1.1
Stealth        | |  0.2

Action                   |  1- 3 |  4- 6 |  7- 9 || total
-------------------------+-------+-------+-------++-------
Melee: Flail             |    67 |   137 |    15 ||   219
       Headbutt          |     9 |    23 |     2 ||    34
Armor: Scale mail        |    36 |       |       ||    36
       Chain mail        |    35 |   103 |       ||   138
       Plate armour      |       |    29 |    10 ||    39
Dodge: Dodged            |    38 |    92 |     8 ||   138
Block: Buckler           |    18 |    39 |     3 ||    60
